Blackhawks vs Predators

Created - 1 février 2022 at 19:04

Goals
1 2 3 T
Blackhawks 0 2 1 3
Predators 2 0 2 4
Shots
1 2 3 T
Blackhawks 12 14 11 37
Predators 11 14 8 33

1st period

1. Predators , Aleksander Barkov 23 (Samuel Girard 18) at 4:51
2. Predators , Vladislav Gavrikov 1 (Radek Faksa 15, Evander Kane 18) at 8:56

Penalties :
Andrew Shaw (CHI) for Roughing (Minor) at 15:42

2nd period

3. Blackhawks , Mikael Backlund 22 (Moritz Seider 7, Zach Parise 12) at 0:14
4. Blackhawks , Mark Stone 17 (Carson Soucy 6, Tyler Bertuzzi 4) at 14:59

Penalties :
Carson Soucy (CHI) for Diving (Minor) at 16:52

3rd period

5. Predators , Brandon Hagel 5 (Jay Beagle 5) at 2:02
6. Blackhawks , Mark Stone 18 (Mikael Backlund 25, Braydon Coburn 8) at 11:11 (PP)
7. Predators , Milan Lucic 4 (Egor Sharangovich 7, Adam Henrique 12) at 14:25

Penalties :
Moritz Seider (CHI) for Hooking (Minor) at 2:27, Carl Soderberg (NSH) for Elbowing (Minor) at 9:12, Vladislav Gavrikov (NSH) for Diving (Minor) at 17:24

Goalie Stats

David Rittich (CHI), 29 saves from 33 shots - (0,879), L, 10-4-0, 60:00 minutes
Cam Talbot (NSH), 34 saves from 37 shots - (0,919), W, 13-8-1, 60:00 minutes

Players Stats for Blackhawks

Player Name              G  A  P  +/- PIM S  H  SB GA TA FO     MP     PP MP  PK MP  
------------------------------------------------------------------------------------
Alex Formenton           0  0  0  -2  0   5  1  3  0  0  0/0    14:09   0:00   2:57 
Andrew Shaw              0  0  0  -1  2   3  0  0  0  0  1/4     8:09   0:00   0:00 
Braydon Coburn           0  1  1  -1  0   1  2  1  1  1  0/0    24:52   3:02   2:49 
Brock McGinn             0  0  0  -2  0   1  1  1  0  0  0/1    12:58   0:00   1:47 
Carson Soucy             0  1  1   0  2   1  2  0  0  3  0/0    15:47   0:56   0:55 
Derek Forbort            0  0  0   1  0   0  0  2  0  0  0/0    22:57   0:00   3:08 
Kevin Hayes              0  0  0   1  0   8  0  1  2  0  0/1    17:44   0:49   1:41 
Luke Kunin               0  0  0  -1  0   2  2  0  1  0  0/1    11:25   0:49   1:06 
Mark Stone               2  0  2   0  0   2  2  0  1  0  0/0    18:51   3:09   0:00 
Michael Rasmussen        0  0  0  -1  0   0  0  0  0  0  2/2     8:40   0:00   0:00 
Mikael Backlund          1  1  2   1  0   4  0  0  1  1  7/18   17:40   3:09   1:19 
Moritz Seider            0  1  1  -2  2   6  2  1  3  1  0/0    25:12   3:19   0:57 
Niklas Hjalmarsson       0  0  0  -2  0   0  0  2  0  3  0/0    23:04   0:03   3:08 
Ryan Ellis               0  0  0   0  0   0  0  2  0  0  0/0     8:07   0:00   0:57 
Tyler Bertuzzi           0  1  1   0  0   2  2  1  1  0  1/2    17:06   0:49   0:00 
Tyler Bozak              0  0  0  -2  0   1  0  0  0  0  9/16   14:10   0:00   3:04 
Yanni Gourde             0  0  0   0  0   0  4  0  0  0  10/20  18:51   3:09   0:00 
Zach Parise              0  1  1   1  0   1  1  0  0  0  1/2    14:18   0:36   0:00 

Players Stats for Predators

Player Name              G  A  P  +/- PIM S  H  SB GA TA FO     MP     PP MP  PK MP  
------------------------------------------------------------------------------------
Adam Fox                 0  0  0  -2  0   1  0  3  1  2  0/0    22:53   2:58   1:42 
Adam Henrique            0  1  1   0  0   1  1  1  2  0  9/16   12:09   0:00   0:00 
Aleksander Barkov        1  0  1   1  0   3  3  1  2  1  8/16   20:17   3:01   2:02 
Anthony Duclair          0  0  0   1  0   1  1  0  1  0  1/3    18:35   3:01   0:20 
Brandon Hagel            1  0  1   1  0   3  2  1  0  0  0/1     8:20   0:00   0:00 
Brayden Point            0  0  0   0  0   6  0  0  1  0  1/1    17:15   2:56   0:00 
Carl Soderberg           0  0  0   1  2   2  0  0  0  0  0/0     9:22   0:00   1:00 
Egor Sharangovich        0  1  1   0  0   2  2  0  0  0  0/2    12:09   0:00   0:00 
Evander Kane             0  1  1   0  0   4  1  0  1  0  1/1    18:07   2:56   0:52 
Jaccob Slavin            0  0  0  -2  0   1  1  1  1  0  0/0    22:53   2:58   1:42 
Jay Beagle               0  1  1   1  0   0  1  1  0  1  5/7    11:13   0:00   2:50 
Milan Lucic              1  0  1   0  0   2  1  0  0  0  0/1    12:09   0:00   0:00 
Nikita Zaitsev           0  0  0   2  0   0  1  0  0  1  0/0    17:48   0:00   2:16 
Patric Hornqvist         0  0  0   1  0   1  2  0  0  1  0/0    18:15   3:01   0:00 
Radek Faksa              0  1  1   0  0   2  2  1  0  1  11/19  18:07   2:56   0:52 
Ryan Graves              0  0  0   2  0   2  1  0  0  1  0/0    19:19   2:59   0:00 
Samuel Girard            0  1  1   2  0   1  1  0  0  0  0/0    20:27   2:59   0:58 
Vladislav Gavrikov       1  0  1   2  2   1  1  0  0  2  0/0    16:42   0:00   1:18 

3 Stars

1 - Mark Stone (CHI)
2 - Aleksander Barkov (NSH)
3 - Mikael Backlund (CHI)

Power Play

Blackhawks - 1 on 2 Attempt(s) - 50,00%
Predators - 0 on 3 Attempt(s) - 0,00%

Penalty Kill

Blackhawks - 3 on 3 Attempt(s) - 100,00% - Score 0 goal in Penalty Kill
Predators - 1 on 2 Attempt(s) - 50,00% - Score 0 goal in Penalty Kill

Team Stat

Blackhawks - Hits : 19 - Faceoff Wins : 31 - Blocked Shots : 14 - Penalty Minutes : 6
Predators - Hits : 21 - Faceoff Wins : 36 - Blocked Shots : 9 - Penalty Minutes : 4

Official

Referees : Shaun Davis and Ryan Hersey
Linesman : Travis Toomey and Luke Murray

Game Notes

Ryan Ellis is injured at 2:07 of 2nd period (Sprained Left Ankle)

Finance

Level 1 -- Attendance: 5604 (93,40%) -- Ticket Income 532 380 $
Level 2 -- Attendance: 4908 (98,16%) -- Ticket Income 304 296 $
Level 3 -- Attendance: 1964 (98,20%) -- Ticket Income 68 740 $
Level 4 -- Attendance: 4000 (100,00%) -- Ticket Income 88 000 $
Luxury Box -- Attendance: 1000 (100,00%) -- Ticket Income 175 000 $
Game was played at the Bridgestone arena.
Total Attendance: 17476 (97,09%)
Total Ticket Income: 1 168 416 $
Other Income: 572 524 $
Total Income: 1 740 940 $

Blackhawks

5 vs 5 Forward 
   Center                   Left Wing                Right Wing               Time % Phy DF OF 
 1 Yanni Gourde             Tyler Bertuzzi           Mark Stone               34     0   2  3  
 2 Mikael Backlund          Kevin Hayes              Zach Parise              28     1   2  2  
 3 Tyler Bozak              Alex Formenton           Brock McGinn             22     1   3  1  
 4 Andrew Shaw              Michael Rasmussen        Luke Kunin               16     2   2  1  

5 vs 5 Defense 
   Defense                  Defense                                           Time % Phy DF OF 
 1 Derek Forbort            Ryan Ellis                                        36     1   2  2  
 2 Niklas Hjalmarsson       Moritz Seider                                     34     1   3  1  
 3 Carson Soucy             Braydon Coburn                                    30     2   2  1  
 4 Ryan Ellis               Niklas Hjalmarsson                                0      1   2  2  

PowerPlay Forward 
   Center                   Left Wing                Right Wing               Time % Phy DF OF 
 1 Mikael Backlund          Yanni Gourde             Mark Stone               60     0   0  5  
 2 Kevin Hayes              Tyler Bertuzzi           Luke Kunin               40     0   0  5  

PowerPlay Defense
   Defense                  Defense                                           Time % Phy DF OF 
 1 Ryan Ellis               Moritz Seider                                     70     0   0  5  
 2 Zach Parise              Carson Soucy                                      30     0   0  5  

Penalty Kill 4 Players Forward 
   Center                   Wing                     Time % Phy DF OF 
 1 Tyler Bozak              Alex Formenton           60     1   3  1  
 2 Mikael Backlund          Brock McGinn             40     1   3  1  

Penalty Kill 4 Players Defense
   Defense                  Defense                  Time % Phy DF OF 
 1 Derek Forbort            Niklas Hjalmarsson       60     1   3  1  
 2 Braydon Coburn           Ryan Ellis               40     1   3  1  

Penalty Kill - 3 Players Forward 
   Forward                                           Time % Phy DF OF 
 1 Tyler Bozak                                       60     1   3  1  
 2 Mikael Backlund                                   40     1   3  1  

Penalty Kill - 3 Players Defense
   Defense                  Defense                  Time % Phy DF OF 
 1 Braydon Coburn           Niklas Hjalmarsson       60     1   3  1  
 2 Derek Forbort            Ryan Ellis               40     1   3  1  

4 vs 4 Forward 
   Center                   Wing                     Time % Phy DF OF 
 1 Mikael Backlund          Mark Stone               60     1   2  2  
 2 Yanni Gourde             Kevin Hayes              40     1   2  2  

4 vs 4 Defense
   Defense                  Defense                  Time % Phy DF OF 
 1 Moritz Seider            Niklas Hjalmarsson       60     1   2  2  
 2 Derek Forbort            Ryan Ellis               40     1   2  2  

Last Minutes Offensive
   Center                   Left Wing                Right Wing               Defense                  Defense                  
   Mikael Backlund          Yanni Gourde             Kevin Hayes              Ryan Ellis               Moritz Seider            

Last Minutes Defensive
   Center                   Left Wing                Right Wing               Defense                  Defense                  
   Tyler Bozak              Brock McGinn             Yanni Gourde             Braydon Coburn           Niklas Hjalmarsson       

Goaltenders
Starting : David Rittich            
Backup : Frederik Andersen        

Extra Forwards
Normal : Mark Stone, Yanni Gourde, Tyler Bertuzzi - PP : Tyler Bozak, Zach Parise - PK : Brock McGinn
Extra Defensemen
Normal : Ryan Ellis, Moritz Seider, Niklas Hjalmarsson - PP : Ryan Ellis - PK : Niklas Hjalmarsson, Braydon Coburn
Penalty Shots
Tyler Bozak, Brock McGinn, Zach Parise, Andrew Shaw, Braydon Coburn
Custom OT Lines Forwards
Mark Stone, Mikael Backlund, Yanni Gourde, Kevin Hayes, Michael Rasmussen, Tyler Bozak, Zach Parise, Brock McGinn, Luke Kunin, Andrew Shaw
Custom OT Lines Defensemen
Ryan Ellis, Moritz Seider, Derek Forbort, Braydon Coburn, Niklas Hjalmarsson

Scratches
Matt Benning (Sprained Right Knee Injury)

Predators

5 vs 5 Forward 
   Center                   Left Wing                Right Wing               Time % Phy DF OF 
 1 Aleksander Barkov        Anthony Duclair          Patric Hornqvist         32     0   2  3  
 2 Radek Faksa              Evander Kane             Brayden Point            31     0   2  3  
 3 Adam Henrique            Milan Lucic              Egor Sharangovich        25     1   2  2  
 4 Jay Beagle               Carl Soderberg           Brandon Hagel            12     1   3  1  

5 vs 5 Defense 
   Defense                  Defense                                           Time % Phy DF OF 
 1 Jaccob Slavin            Adam Fox                                          35     0   2  3  
 2 Ryan Graves              Samuel Girard                                     33     0   3  2  
 3 Nikita Zaitsev           Vladislav Gavrikov                                32     1   2  2  
 4 Jaccob Slavin            Adam Fox                                          0      1   2  2  

PowerPlay Forward 
   Center                   Left Wing                Right Wing               Time % Phy DF OF 
 1 Aleksander Barkov        Anthony Duclair          Patric Hornqvist         50     1   0  4  
 2 Radek Faksa              Evander Kane             Brayden Point            50     1   0  4  

PowerPlay Defense
   Defense                  Defense                                           Time % Phy DF OF 
 1 Jaccob Slavin            Adam Fox                                          50     0   1  4  
 2 Ryan Graves              Samuel Girard                                     50     0   1  4  

Penalty Kill 4 Players Forward 
   Center                   Wing                     Time % Phy DF OF 
 1 Jay Beagle               Carl Soderberg           55     1   4  0  
 2 Radek Faksa              Evander Kane             45     1   4  0  

Penalty Kill 4 Players Defense
   Defense                  Defense                  Time % Phy DF OF 
 1 Jaccob Slavin            Adam Fox                 55     1   4  0  
 2 Nikita Zaitsev           Vladislav Gavrikov       45     1   4  0  

Penalty Kill - 3 Players Forward 
   Forward                                           Time % Phy DF OF 
 1 Carl Soderberg                                    55     0   5  0  
 2 Radek Faksa                                       45     0   5  0  

Penalty Kill - 3 Players Defense
   Defense                  Defense                  Time % Phy DF OF 
 1 Jaccob Slavin            Adam Fox                 55     1   4  0  
 2 Nikita Zaitsev           Vladislav Gavrikov       45     1   4  0  

4 vs 4 Forward 
   Center                   Wing                     Time % Phy DF OF 
 1 Aleksander Barkov        Anthony Duclair          60     1   2  2  
 2 Adam Henrique            Egor Sharangovich        40     1   2  2  

4 vs 4 Defense
   Defense                  Defense                  Time % Phy DF OF 
 1 Nikita Zaitsev           Vladislav Gavrikov       60     1   3  1  
 2 Ryan Graves              Samuel Girard            40     1   3  1  

Last Minutes Offensive
   Center                   Left Wing                Right Wing               Defense                  Defense                  
   Aleksander Barkov        Anthony Duclair          Patric Hornqvist         Jaccob Slavin            Adam Fox                 

Last Minutes Defensive
   Center                   Left Wing                Right Wing               Defense                  Defense                  
   Aleksander Barkov        Anthony Duclair          Patric Hornqvist         Jaccob Slavin            Adam Fox                 

Goaltenders
Starting : Cam Talbot               
Backup : Jeremy Swayman           

Extra Forwards
Normal : Evander Kane, Aleksander Barkov, Brayden Point - PP : Evander Kane, Brayden Point - PK : Aleksander Barkov
Extra Defensemen
Normal : Jaccob Slavin, Vladislav Gavrikov, Adam Fox - PP : Vladislav Gavrikov - PK : Samuel Girard, Jaccob Slavin
Penalty Shots
Aleksander Barkov, Anthony Duclair, Ryan Graves, Brayden Point, Jaccob Slavin
Custom OT Lines Forwards
Brayden Point, Patric Hornqvist, Aleksander Barkov, Evander Kane, Radek Faksa, Anthony Duclair, Carl Soderberg, Egor Sharangovich, Brandon Hagel, Jay Beagle
Custom OT Lines Defensemen
Adam Fox, Jaccob Slavin, Ryan Graves, Samuel Girard, Vladislav Gavrikov

Scratches
Alexandre Texier (Healthy), Cal Clutterbuck (Healthy), Robert Bortuzzo (Healthy)

% Time on Ice - Blackhawks

Lines # - Real PCT - Wanted PCT - Time Play
Normal Forward
1 - 33% - 34% - 16:32
2 - 28% - 28% - 13:47
3 - 22% - 22% - 11:06
4 - 16% - 16% - 8:04
Normal Defense
1 - 40% - 36% - 19:49
2 - 27% - 34% - 13:28
3 - 23% - 30% - 11:29
4 - 10% - 0% - 4:43
PP Forward
1 - 79% - 60% - 3:09
2 - 21% - 40% - 0:49
PP Defense
1 - 85% - 70% - 3:22
2 - 15% - 30% - 0:36
PK Forward
1 - 78% - 60% - 4:38
2 - 22% - 40% - 1:19
PK Defense
1 - 53% - 60% - 3:08
2 - 47% - 40% - 2:49
PK3 Forward
1 - 0% - 60%
2 - 0% - 40%
PK3 Defense
1 - 0% - 60%
2 - 0% - 40%
44 Forward
1 - 0% - 60%
2 - 0% - 40%
44 Defense
1 - 0% - 60%
2 - 0% - 40%
Last Minute Offensive  - 0:36
Last Minute Defensive  - 0:00
Total
Forward - 60:00
Defense - 60:00

% Time on Ice - Predators

Lines # - Real PCT - Wanted PCT - Time Play
Normal Forward
1 - 30% - 32% - 14:44
2 - 29% - 31% - 14:19
3 - 25% - 25% - 12:09
4 - 17% - 12% - 8:20
Normal Defense
1 - 35% - 35% - 17:11
2 - 33% - 33% - 16:23
3 - 31% - 32% - 15:22
4 - 1% - 0% - 0:36
PP Forward
1 - 51% - 50% - 3:01
2 - 49% - 50% - 2:56
PP Defense
1 - 50% - 50% - 2:58
2 - 50% - 50% - 2:59
PK Forward
1 - 78% - 55% - 3:06
2 - 22% - 45% - 0:52
PK Defense
1 - 43% - 55% - 1:42
2 - 57% - 45% - 2:16
PK3 Forward
1 - 0% - 55%
2 - 0% - 45%
PK3 Defense
1 - 0% - 55%
2 - 0% - 45%
44 Forward
1 - 0% - 60%
2 - 0% - 40%
44 Defense
1 - 0% - 60%
2 - 0% - 40%
Last Minute Offensive  - 0:00
Last Minute Defensive  - 0:33
Total
Forward - 60:00
Defense - 60:00

Play-by-Play

1st period


0:01 of 1st period - Aleksander Barkov wins face-off versus Yanni Gourde in neutral zone.
0:33 of 1st period - Slapshot by Mikael Backlund.
0:33 of 1st period - Stopped by Cam Talbot without a rebound.
0:34 of 1st period - Radek Faksa wins face-off versus Tyler Bozak in Predators zone.
0:49 of 1st period - Wrist shot by Tyler Bozak.
0:49 of 1st period - Shot Blocked by Radek Faksa.
1:52 of 1st period - Nikita Zaitsev is hit by Mark Stone and loses puck.
2:04 of 1st period - Off-side.
2:05 of 1st period - Tyler Bozak wins face-off versus Radek Faksa in neutral zone.
2:15 of 1st period - Slapshot by Brayden Point.
2:15 of 1st period - Stopped by David Rittich with a rebound.
3:22 of 1st period - Snap shot by Yanni Gourde.
3:22 of 1st period - Shot Misses the Net.
3:28 of 1st period - Slapshot by Mark Stone.
3:28 of 1st period - Deflect By Adam Fox.
3:28 of 1st period - Shot Misses the Net.
3:28 of 1st period - Puck is out of play.
3:29 of 1st period - Zach Parise wins face-off versus Adam Henrique in Predators zone.
3:30 of 1st period - Snap shot by Mikael Backlund.
3:30 of 1st period - Stopped by Cam Talbot without a rebound.
3:31 of 1st period - Adam Henrique wins face-off versus Mikael Backlund in Predators zone.
3:36 of 1st period - Snap shot by Milan Lucic.
3:36 of 1st period - Shot Misses the Net.
3:38 of 1st period - Slapshot by Ryan Graves.
3:38 of 1st period - Deflect By Mikael Backlund.
3:38 of 1st period - Stopped by David Rittich with a rebound.
3:40 of 1st period - Slapshot by Ryan Graves.
3:40 of 1st period - Deflect By Milan Lucic.
3:40 of 1st period - Shot Blocked by Moritz Seider.
3:40 of 1st period - Puck is out of play.
3:41 of 1st period - Aleksander Barkov wins face-off versus Mikael Backlund in Blackhawks zone.
3:48 of 1st period - Snap shot by Aleksander Barkov.
3:48 of 1st period - Deflect By Mikael Backlund.
3:48 of 1st period - Stopped by David Rittich without a rebound.
3:49 of 1st period - Mikael Backlund wins face-off versus Aleksander Barkov in Blackhawks zone.
3:49 of 1st period - Mikael Backlund is hit by Nikita Zaitsev.
4:09 of 1st period - Snap shot by Kevin Hayes.
4:09 of 1st period - Stopped by Cam Talbot without a rebound.
4:10 of 1st period - Michael Rasmussen wins face-off versus Adam Henrique in Predators zone.
4:13 of 1st period - Snap shot by Andrew Shaw.
4:13 of 1st period - Stopped by Cam Talbot without a rebound.
4:14 of 1st period - Michael Rasmussen wins face-off versus Egor Sharangovich in Predators zone.
4:41 of 1st period - Samuel Girard is hit by Alex Formenton.
4:51 of 1st period - Snap shot by Aleksander Barkov.
4:51 of 1st period - Goal by Aleksander Barkov - Blackhawks : 0 - Predators : 1.
4:52 of 1st period - Adam Henrique wins face-off versus Mikael Backlund in neutral zone.
4:55 of 1st period - Mikael Backlund is hit by Vladislav Gavrikov and loses puck.
5:05 of 1st period - Off-side.
5:06 of 1st period - Yanni Gourde wins face-off versus Brandon Hagel in neutral zone.
5:09 of 1st period - Nikita Zaitsev is hit by Tyler Bertuzzi and loses puck.
5:20 of 1st period - Wrist shot by Carl Soderberg.
5:20 of 1st period - Stopped by David Rittich with a rebound.
5:32 of 1st period - Patric Hornqvist is hit by Braydon Coburn and loses puck.
5:41 of 1st period - Snap shot by Brock McGinn.
5:41 of 1st period - Stopped by Cam Talbot with a rebound.
6:01 of 1st period - Wrist shot by Milan Lucic.
6:01 of 1st period - Stopped by David Rittich without a rebound.
6:02 of 1st period - Jay Beagle wins face-off versus Andrew Shaw in Blackhawks zone.
6:47 of 1st period - Off-side.
6:48 of 1st period - Adam Henrique wins face-off versus Mikael Backlund in neutral zone.
7:21 of 1st period - Wrist shot by Alex Formenton.
7:21 of 1st period - Stopped by Cam Talbot with a rebound.
7:23 of 1st period - Slapshot by Moritz Seider.
7:23 of 1st period - Stopped by Cam Talbot without a rebound.
7:24 of 1st period - Yanni Gourde wins face-off versus Aleksander Barkov in Predators zone.
8:00 of 1st period - Snap shot by Andrew Shaw.
8:00 of 1st period - Stopped by Cam Talbot with a rebound.
8:16 of 1st period - Snap shot by Mikael Backlund.
8:16 of 1st period - Shot Blocked by Jaccob Slavin.
8:18 of 1st period - Wrist shot by Moritz Seider.
8:18 of 1st period - Stopped by Cam Talbot with a rebound.
8:39 of 1st period - Brock McGinn is hit by Jaccob Slavin and loses puck.
8:54 of 1st period - Snap shot by Evander Kane.
8:54 of 1st period - Deflect By Radek Faksa.
8:54 of 1st period - Stopped by David Rittich with a rebound.
8:56 of 1st period - Snap shot by Vladislav Gavrikov.
8:56 of 1st period - Deflect By Braydon Coburn.
8:56 of 1st period - Goal by Vladislav Gavrikov - Blackhawks : 0 - Predators : 2.
8:57 of 1st period - Anthony Duclair wins face-off versus Tyler Bertuzzi in neutral zone.
9:00 of 1st period - Snap shot by Patric Hornqvist.
9:00 of 1st period - Deflect By Aleksander Barkov.
9:00 of 1st period - Stopped by David Rittich without a rebound.
9:01 of 1st period - Yanni Gourde wins face-off versus Aleksander Barkov in Blackhawks zone.
9:39 of 1st period - Zach Parise is hit by Radek Faksa and loses puck.
10:24 of 1st period - Snap shot by Alex Formenton.
10:24 of 1st period - Shot Blocked by Adam Fox.
10:36 of 1st period - Snap shot by Mark Stone.
10:36 of 1st period - Shot Misses the Net.
10:38 of 1st period - Snap shot by Yanni Gourde.
10:38 of 1st period - Shot Misses the Net.
10:40 of 1st period - Slapshot by Moritz Seider.
10:40 of 1st period - Stopped by Cam Talbot with a rebound.
11:14 of 1st period - Wrist shot by Aleksander Barkov.
11:14 of 1st period - Shot Blocked by Ryan Ellis.
11:16 of 1st period - Slapshot by Jaccob Slavin.
11:16 of 1st period - Stopped by David Rittich without a rebound.
11:17 of 1st period - Aleksander Barkov wins face-off versus Andrew Shaw in Blackhawks zone.
11:34 of 1st period - Slapshot by Anthony Duclair.
11:34 of 1st period - Shot Hit the Post.
11:43 of 1st period - Off-side.
11:44 of 1st period - Radek Faksa wins face-off versus Yanni Gourde in neutral zone.
11:58 of 1st period - Icing by Moritz Seider.
11:59 of 1st period - Yanni Gourde wins face-off versus Milan Lucic in Blackhawks zone.
12:33 of 1st period - Aleksander Barkov is hit by Mark Stone and loses puck.
12:54 of 1st period - Off-side.
12:55 of 1st period - Mikael Backlund wins face-off versus Radek Faksa in neutral zone.
13:02 of 1st period - Wrist shot by Kevin Hayes.
13:02 of 1st period - Deflect By Mikael Backlund.
13:02 of 1st period - Stopped by Cam Talbot without a rebound.
13:03 of 1st period - Mikael Backlund wins face-off versus Radek Faksa in Predators zone.
13:06 of 1st period - Snap shot by Kevin Hayes.
13:06 of 1st period - Stopped by Cam Talbot without a rebound.
13:07 of 1st period - Adam Henrique wins face-off versus Tyler Bozak in Predators zone.
14:40 of 1st period - Wrist shot by Milan Lucic.
14:40 of 1st period - Shot Blocked by Alex Formenton.
14:42 of 1st period - Slapshot by Vladislav Gavrikov.
14:42 of 1st period - Shot Blocked by Braydon Coburn.
14:44 of 1st period - Snap shot by Adam Henrique.
14:44 of 1st period - Deflect By Tyler Bozak.
14:44 of 1st period - Stopped by David Rittich without a rebound.
14:45 of 1st period - Evander Kane wins face-off versus Mikael Backlund in Blackhawks zone.
15:42 of 1st period - Minor Penalty to Andrew Shaw for Roughing.
15:43 of 1st period - Tyler Bozak wins face-off versus Aleksander Barkov in Blackhawks zone.
17:26 of 1st period - Samuel Girard is hit by Braydon Coburn.
17:30 of 1st period - Mikael Backlund is hit by Patric Hornqvist and loses puck.
17:42 of 1st period - Penalty to Andrew Shaw is over, Andrew Shaw is back on ice.
17:53 of 1st period - Milan Lucic is hit by Yanni Gourde and loses puck.
18:04 of 1st period - Slapshot by Tyler Bertuzzi.
18:04 of 1st period - Shot Blocked by Adam Henrique.
19:21 of 1st period - Milan Lucic is hit by Moritz Seider and loses puck.
Goals for this period are 0 for Blackhawks vs 2 for Predators.
Shots for this period are 12 for Blackhawks vs 11 for Predators.

2nd period


0:01 of 2nd period - Mikael Backlund wins face-off versus Radek Faksa in neutral zone.
0:10 of 2nd period - Snap shot by Zach Parise.
0:10 of 2nd period - Shot Misses the Net.
0:12 of 2nd period - Slapshot by Moritz Seider.
0:12 of 2nd period - Stopped by Cam Talbot with a rebound.
0:14 of 2nd period - Snap shot by Mikael Backlund.
0:14 of 2nd period - Goal by Mikael Backlund - Blackhawks : 1 - Predators : 2.
0:15 of 2nd period - Aleksander Barkov wins face-off versus Brock McGinn in neutral zone.
0:28 of 2nd period - Snap shot by Aleksander Barkov.
0:28 of 2nd period - Deflect By Patric Hornqvist.
0:28 of 2nd period - Shot Blocked by Alex Formenton.
0:28 of 2nd period - Puck is out of play.
0:29 of 2nd period - Radek Faksa wins face-off versus Yanni Gourde in Blackhawks zone.
0:38 of 2nd period - Wrist shot by Brayden Point.
0:38 of 2nd period - Shot Misses the Net.
0:40 of 2nd period - Slapshot by Jaccob Slavin.
0:40 of 2nd period - Shot Blocked by Niklas Hjalmarsson.
0:56 of 2nd period - Niklas Hjalmarsson is hit by Egor Sharangovich and loses puck.
2:01 of 2nd period - Snap shot by Aleksander Barkov.
2:01 of 2nd period - Shot Misses the Net.
2:07 of 2nd period - Snap shot by Patric Hornqvist.
2:07 of 2nd period - Shot Blocked by Ryan Ellis.
2:07 of 2nd period - Ryan Ellis from Blackhawks is injured at 2:07 of 2nd period (Sprained Left Ankle).
2:08 of 2nd period - Radek Faksa wins face-off versus Tyler Bozak in Blackhawks zone.
2:09 of 2nd period - Wrist shot by Brayden Point.
2:09 of 2nd period - Stopped by David Rittich with a rebound.
2:11 of 2nd period - Snap shot by Evander Kane.
2:11 of 2nd period - Shot Misses the Net.
2:13 of 2nd period - Slapshot by Ryan Graves.
2:13 of 2nd period - Shot Misses the Net.
2:15 of 2nd period - Snap shot by Ryan Graves.
2:15 of 2nd period - Deflect By Evander Kane.
2:15 of 2nd period - Stopped by David Rittich with a rebound.
2:25 of 2nd period - Snap shot by Evander Kane.
2:25 of 2nd period - Shot Misses the Net.
2:35 of 2nd period - Patric Hornqvist is hit by Carson Soucy and loses puck.
2:42 of 2nd period - Mikael Backlund is hit by Patric Hornqvist and loses puck.
2:57 of 2nd period - Wrist shot by Brandon Hagel.
2:57 of 2nd period - Stopped by David Rittich without a rebound.
2:58 of 2nd period - Yanni Gourde wins face-off versus Jay Beagle in Blackhawks zone.
3:03 of 2nd period - Snap shot by Moritz Seider.
3:03 of 2nd period - Stopped by Cam Talbot with a rebound.
3:36 of 2nd period - Snap shot by Brayden Point.
3:36 of 2nd period - Stopped by David Rittich without a rebound.
3:37 of 2nd period - Tyler Bozak wins face-off versus Adam Henrique in Blackhawks zone.
3:37 of 2nd period - Tyler Bozak is hit by Adam Henrique.
3:45 of 2nd period - Carson Soucy is hit by Milan Lucic and loses puck.
3:52 of 2nd period - Slapshot by Egor Sharangovich.
3:52 of 2nd period - Shot Blocked by Brock McGinn.
4:11 of 2nd period - Snap shot by Evander Kane.
4:11 of 2nd period - Stopped by David Rittich with a rebound.
4:13 of 2nd period - Snap shot by Radek Faksa.
4:13 of 2nd period - Shot Blocked by Tyler Bertuzzi.
5:33 of 2nd period - Braydon Coburn is hit by Ryan Graves and loses puck.
5:56 of 2nd period - Snap shot by Patric Hornqvist.
5:56 of 2nd period - Stopped by David Rittich with a rebound.
6:20 of 2nd period - Snap shot by Luke Kunin.
6:20 of 2nd period - Stopped by Cam Talbot without a rebound.
6:21 of 2nd period - Radek Faksa wins face-off versus Yanni Gourde in Predators zone.
6:37 of 2nd period - Off-side.
6:38 of 2nd period - Aleksander Barkov wins face-off versus Tyler Bozak in neutral zone.
6:41 of 2nd period - Moritz Seider is hit by Aleksander Barkov and loses puck.
7:09 of 2nd period - Evander Kane is hit by Zach Parise and loses puck.
7:52 of 2nd period - Snap shot by Andrew Shaw.
7:52 of 2nd period - Shot Blocked by Adam Fox.
7:54 of 2nd period - Snap shot by Luke Kunin.
7:54 of 2nd period - Shot Blocked by Brandon Hagel.
8:43 of 2nd period - Icing by Aleksander Barkov.
8:44 of 2nd period - Mikael Backlund wins face-off versus Aleksander Barkov in Predators zone.
8:45 of 2nd period - Slapshot by Zach Parise.
8:45 of 2nd period - Shot Misses the Net.
8:53 of 2nd period - Wrist shot by Aleksander Barkov.
8:53 of 2nd period - Shot Blocked by Derek Forbort.
8:55 of 2nd period - Snap shot by Patric Hornqvist.
8:55 of 2nd period - Shot Misses the Net.
9:13 of 2nd period - Snap shot by Yanni Gourde.
9:13 of 2nd period - Shot Misses the Net.
9:23 of 2nd period - Derek Forbort is hit by Aleksander Barkov and loses puck.
10:46 of 2nd period - Off-side.
10:47 of 2nd period - Radek Faksa wins face-off versus Mikael Backlund in neutral zone.
10:54 of 2nd period - Wrist shot by Brayden Point.
10:54 of 2nd period - Stopped by David Rittich with a rebound.
10:56 of 2nd period - Snap shot by Radek Faksa.
10:56 of 2nd period - Shot Misses the Net.
10:58 of 2nd period - Slapshot by Brayden Point.
10:58 of 2nd period - Shot Blocked by Kevin Hayes.
11:00 of 2nd period - Slapshot by Evander Kane.
11:00 of 2nd period - Shot Misses the Net.
11:47 of 2nd period - Slapshot by Andrew Shaw.
11:47 of 2nd period - Stopped by Cam Talbot without a rebound.
11:48 of 2nd period - Tyler Bozak wins face-off versus Radek Faksa in Predators zone.
11:49 of 2nd period - Snap shot by Alex Formenton.
11:49 of 2nd period - Stopped by Cam Talbot with a rebound.
11:55 of 2nd period - Snap shot by Tyler Bozak.
11:55 of 2nd period - Stopped by Cam Talbot with a rebound.
12:18 of 2nd period - Wrist shot by Brayden Point.
12:18 of 2nd period - Stopped by David Rittich with a rebound.
12:20 of 2nd period - Slapshot by Adam Fox.
12:20 of 2nd period - Stopped by David Rittich without a rebound.
12:21 of 2nd period - Adam Henrique wins face-off versus Mikael Backlund in Blackhawks zone.
13:08 of 2nd period - Snap shot by Andrew Shaw.
13:08 of 2nd period - Shot Misses the Net.
13:29 of 2nd period - Egor Sharangovich is hit by Tyler Bertuzzi and loses puck.
13:55 of 2nd period - Slapshot by Samuel Girard.
13:55 of 2nd period - Stopped by David Rittich with a rebound.
13:57 of 2nd period - Wrist shot by Evander Kane.
13:57 of 2nd period - Deflect By Radek Faksa.
13:57 of 2nd period - Stopped by David Rittich without a rebound.
13:58 of 2nd period - Adam Henrique wins face-off versus Tyler Bozak in Blackhawks zone.
14:27 of 2nd period - Icing by Derek Forbort.
14:28 of 2nd period - Radek Faksa wins face-off versus Kevin Hayes in Blackhawks zone.
14:55 of 2nd period - Snap shot by Tyler Bertuzzi.
14:55 of 2nd period - Stopped by Cam Talbot with a rebound.
14:57 of 2nd period - Slapshot by Carson Soucy.
14:57 of 2nd period - Stopped by Cam Talbot with a rebound.
14:59 of 2nd period - Snap shot by Mark Stone.
14:59 of 2nd period - Goal by Mark Stone - Blackhawks : 2 - Predators : 2.
15:00 of 2nd period - Radek Faksa wins face-off versus Yanni Gourde in neutral zone.
15:03 of 2nd period - Moritz Seider is hit by Radek Faksa.
15:40 of 2nd period - Backhand shot by Moritz Seider.
15:40 of 2nd period - Stopped by Cam Talbot with a rebound.
16:04 of 2nd period - Snap shot by Evander Kane.
16:04 of 2nd period - Stopped by David Rittich without a rebound.
16:05 of 2nd period - Adam Henrique wins face-off versus Yanni Gourde in Blackhawks zone.
16:10 of 2nd period - Snap shot by Adam Henrique.
16:10 of 2nd period - Deflect By Egor Sharangovich.
16:10 of 2nd period - Shot Misses the Net.
16:10 of 2nd period - Puck is out of play.
16:11 of 2nd period - Adam Henrique wins face-off versus Yanni Gourde in Blackhawks zone.
16:24 of 2nd period - Snap shot by Egor Sharangovich.
16:24 of 2nd period - Deflect By Milan Lucic.
16:24 of 2nd period - Shot Misses the Net.
16:24 of 2nd period - Puck is out of play.
16:25 of 2nd period - Mikael Backlund wins face-off versus Anthony Duclair in Blackhawks zone.
16:34 of 2nd period - Anthony Duclair is hit by Carson Soucy and loses puck.
16:41 of 2nd period - Wrist shot by Kevin Hayes.
16:41 of 2nd period - Stopped by Cam Talbot with a rebound.
16:52 of 2nd period - Minor Penalty to Carson Soucy for Diving.
16:53 of 2nd period - Tyler Bozak wins face-off versus Radek Faksa in Blackhawks zone.
17:25 of 2nd period - Slapshot by Samuel Girard.
17:25 of 2nd period - Shot Misses the Net.
17:27 of 2nd period - Snap shot by Ryan Graves.
17:27 of 2nd period - Stopped by David Rittich with a rebound.
17:29 of 2nd period - Wrist shot by Anthony Duclair.
17:29 of 2nd period - Shot Blocked by Derek Forbort.
18:52 of 2nd period - Penalty to Carson Soucy is over, Carson Soucy is back on ice.
19:30 of 2nd period - Slapshot by Brandon Hagel.
19:30 of 2nd period - Stopped by David Rittich without a rebound.
19:31 of 2nd period - Mikael Backlund wins face-off versus Adam Henrique in Blackhawks zone.
19:44 of 2nd period - Slapshot by Kevin Hayes.
19:44 of 2nd period - Stopped by Cam Talbot with a rebound.
19:46 of 2nd period - Snap shot by Mikael Backlund.
19:46 of 2nd period - Deflect By Kevin Hayes.
19:46 of 2nd period - Stopped by Cam Talbot without a rebound.
19:47 of 2nd period - Radek Faksa wins face-off versus Yanni Gourde in Predators zone.
Goals for this period are 2 for Blackhawks vs 0 for Predators.
Shots for this period are 14 for Blackhawks vs 14 for Predators.

3rd period


0:01 of 3rd period - Yanni Gourde wins face-off versus Aleksander Barkov in neutral zone.
0:03 of 3rd period - Off-side.
0:04 of 3rd period - Yanni Gourde wins face-off versus Aleksander Barkov in neutral zone.
0:21 of 3rd period - Snap shot by Yanni Gourde.
0:21 of 3rd period - Shot Blocked by Adam Fox.
0:31 of 3rd period - Snap shot by Tyler Bozak.
0:31 of 3rd period - Deflect By Adam Fox.
0:31 of 3rd period - Shot Misses the Net.
0:31 of 3rd period - Puck is out of play.
0:32 of 3rd period - Tyler Bozak wins face-off versus Radek Faksa in Predators zone.
1:39 of 3rd period - Carson Soucy is hit by Evander Kane and loses puck.
1:46 of 3rd period - Wrist shot by Brayden Point.
1:46 of 3rd period - Stopped by David Rittich with a rebound.
2:00 of 3rd period - Snap shot by Brandon Hagel.
2:00 of 3rd period - Shot Misses the Net.
2:02 of 3rd period - Snap shot by Brandon Hagel.
2:02 of 3rd period - Goal by Brandon Hagel - Blackhawks : 2 - Predators : 3.
2:03 of 3rd period - Brayden Point wins face-off versus Zach Parise in neutral zone.
2:10 of 3rd period - Snap shot by Evander Kane.
2:10 of 3rd period - Shot Blocked by Niklas Hjalmarsson.
2:27 of 3rd period - Minor Penalty to Moritz Seider for Hooking.
2:28 of 3rd period - Radek Faksa wins face-off versus Tyler Bozak in Blackhawks zone.
4:27 of 3rd period - Penalty to Moritz Seider is over, Moritz Seider is back on ice.
4:32 of 3rd period - Moritz Seider is hit by Anthony Duclair and loses puck.
4:54 of 3rd period - Snap shot by Kevin Hayes.
4:54 of 3rd period - Stopped by Cam Talbot with a rebound.
4:56 of 3rd period - Snap shot by Moritz Seider.
4:56 of 3rd period - Shot Misses the Net.
5:08 of 3rd period - Slapshot by Kevin Hayes.
5:08 of 3rd period - Shot Misses the Net.
5:10 of 3rd period - Snap shot by Luke Kunin.
5:10 of 3rd period - Stopped by Cam Talbot without a rebound.
5:11 of 3rd period - Yanni Gourde wins face-off versus Jay Beagle in Predators zone.
5:28 of 3rd period - Wrist shot by Yanni Gourde.
5:28 of 3rd period - Shot Misses the Net.
5:59 of 3rd period - Slapshot by Milan Lucic.
5:59 of 3rd period - Deflect By Adam Henrique.
5:59 of 3rd period - Shot Misses the Net.
5:59 of 3rd period - Puck is out of play.
6:00 of 3rd period - Andrew Shaw wins face-off versus Adam Henrique in Blackhawks zone.
6:13 of 3rd period - Wrist shot by Adam Henrique.
6:13 of 3rd period - Shot Misses the Net.
6:15 of 3rd period - Snap shot by Adam Henrique.
6:15 of 3rd period - Shot Misses the Net.
7:11 of 3rd period - Yanni Gourde is hit by Jay Beagle and loses puck.
7:16 of 3rd period - Wrist shot by Carl Soderberg.
7:16 of 3rd period - Stopped by David Rittich with a rebound.
7:56 of 3rd period - Icing by Ryan Graves.
7:57 of 3rd period - Aleksander Barkov wins face-off versus Yanni Gourde in Predators zone.
7:57 of 3rd period - Aleksander Barkov is hit by Moritz Seider.
8:15 of 3rd period - Snap shot by Evander Kane.
8:15 of 3rd period - Stopped by David Rittich with a rebound.
9:12 of 3rd period - Minor Penalty to Carl Soderberg for Elbowing.
9:13 of 3rd period - Jay Beagle wins face-off versus Mikael Backlund in Predators zone.
9:21 of 3rd period - Icing by Yanni Gourde.
9:22 of 3rd period - Jay Beagle wins face-off versus Mikael Backlund in Blackhawks zone.
9:44 of 3rd period - Icing by Mikael Backlund.
9:45 of 3rd period - Jay Beagle wins face-off versus Mikael Backlund in Blackhawks zone.
9:46 of 3rd period - Snap shot by Anthony Duclair.
9:46 of 3rd period - Shot Misses the Net.
9:48 of 3rd period - Slapshot by Nikita Zaitsev.
9:48 of 3rd period - Shot Misses the Net.
9:58 of 3rd period - Jay Beagle is hit by Yanni Gourde and loses puck.
10:21 of 3rd period - Snap shot by Yanni Gourde.
10:21 of 3rd period - Shot Blocked by Aleksander Barkov.
10:23 of 3rd period - Slapshot by Yanni Gourde.
10:23 of 3rd period - Shot Misses the Net.
10:25 of 3rd period - Wrist shot by Mark Stone.
10:25 of 3rd period - Shot Misses the Net.
10:33 of 3rd period - Slapshot by Mikael Backlund.
10:33 of 3rd period - Shot Blocked by Jay Beagle.
11:11 of 3rd period - Snap shot by Mark Stone.
11:11 of 3rd period - Goal by Mark Stone - Blackhawks : 3 - Predators : 3.
11:12 of 3rd period - Radek Faksa wins face-off versus Tyler Bozak in neutral zone.
11:59 of 3rd period - Anthony Duclair is hit by Brock McGinn.
12:19 of 3rd period - Snap shot by Tyler Bertuzzi.
12:19 of 3rd period - Deflect By Zach Parise.
12:19 of 3rd period - Stopped by Cam Talbot without a rebound.
12:20 of 3rd period - Tyler Bertuzzi wins face-off versus Egor Sharangovich in Predators zone.
12:21 of 3rd period - Wrist shot by Kevin Hayes.
12:21 of 3rd period - Stopped by Cam Talbot with a rebound.
12:57 of 3rd period - Snap shot by Alex Formenton.
12:57 of 3rd period - Stopped by Cam Talbot without a rebound.
12:58 of 3rd period - Tyler Bozak wins face-off versus Aleksander Barkov in Predators zone.
13:11 of 3rd period - Snap shot by Patric Hornqvist.
13:11 of 3rd period - Shot Blocked by Alex Formenton.
13:13 of 3rd period - Slapshot by Anthony Duclair.
13:13 of 3rd period - Shot Hit the Post.
13:15 of 3rd period - Slapshot by Anthony Duclair.
13:15 of 3rd period - Shot Misses the Net.
13:32 of 3rd period - Snap shot by Egor Sharangovich.
13:32 of 3rd period - Stopped by David Rittich without a rebound.
13:33 of 3rd period - Yanni Gourde wins face-off versus Radek Faksa in Blackhawks zone.
14:00 of 3rd period - Mikael Backlund is hit by Aleksander Barkov and loses puck.
14:11 of 3rd period - Snap shot by Aleksander Barkov.
14:11 of 3rd period - Deflect By Anthony Duclair.
14:11 of 3rd period - Stopped by David Rittich with a rebound.
14:23 of 3rd period - Snap shot by Egor Sharangovich.
14:23 of 3rd period - Stopped by David Rittich with a rebound.
14:25 of 3rd period - Snap shot by Milan Lucic.
14:25 of 3rd period - Deflect By Niklas Hjalmarsson.
14:25 of 3rd period - Goal by Milan Lucic - Blackhawks : 3 - Predators : 4.
14:26 of 3rd period - Yanni Gourde wins face-off versus Anthony Duclair in neutral zone.
14:29 of 3rd period - Wrist shot by Tyler Bertuzzi.
14:29 of 3rd period - Stopped by Cam Talbot without a rebound.
14:30 of 3rd period - Aleksander Barkov wins face-off versus Yanni Gourde in Predators zone.
15:03 of 3rd period - Wrist shot by Kevin Hayes.
15:03 of 3rd period - Stopped by Cam Talbot without a rebound.
15:04 of 3rd period - Adam Henrique wins face-off versus Andrew Shaw in Predators zone.
15:51 of 3rd period - Radek Faksa is hit by Yanni Gourde and loses puck.
16:18 of 3rd period - Mikael Backlund is hit by Egor Sharangovich and loses puck.
16:24 of 3rd period - Moritz Seider is hit by Samuel Girard and loses puck.
16:37 of 3rd period - Jay Beagle is hit by Luke Kunin and loses puck.
16:58 of 3rd period - Derek Forbort is hit by Brandon Hagel and loses puck.
17:06 of 3rd period - Moritz Seider is hit by Brandon Hagel and loses puck.
17:11 of 3rd period - Jaccob Slavin is hit by Luke Kunin and loses puck.
17:16 of 3rd period - Snap shot by Andrew Shaw.
17:16 of 3rd period - Shot Misses the Net.
17:18 of 3rd period - Slapshot by Braydon Coburn.
17:18 of 3rd period - Deflect By Adam Fox.
17:18 of 3rd period - Stopped by Cam Talbot without a rebound.
17:19 of 3rd period - Tyler Bozak wins face-off versus Adam Henrique in Predators zone.
17:20 of 3rd period - Wrist shot by Alex Formenton.
17:20 of 3rd period - Stopped by Cam Talbot without a rebound.
17:21 of 3rd period - Tyler Bozak wins face-off versus Adam Henrique in Predators zone.
17:22 of 3rd period - Snap shot by Alex Formenton.
17:22 of 3rd period - Stopped by Cam Talbot with a rebound.
17:24 of 3rd period - Minor Penalty to Vladislav Gavrikov for Diving.
17:25 of 3rd period - Jay Beagle wins face-off versus Mikael Backlund in Predators zone.
17:34 of 3rd period - Jay Beagle is hit by Yanni Gourde and loses puck.
19:24 of 3rd period - Penalty to Vladislav Gavrikov is over, Vladislav Gavrikov is back on ice.
19:33 of 3rd period - Icing by Braydon Coburn.
19:34 of 3rd period - Aleksander Barkov wins face-off versus Luke Kunin in Blackhawks zone.
19:56 of 3rd period - Wrist shot by Anthony Duclair.
19:56 of 3rd period - Shot Misses the Net.
Goals for this period are 1 for Blackhawks vs 2 for Predators.
Shots for this period are 11 for Blackhawks vs 8 for Predators.